 Dungeon Crawl Stone Soup version 0.22-a0-240-g539252a (webtiles) character file.

1760 Amnesiac the Prestidigitator (level 8, -1/42 HPs)
             Began as a Spriggan Artificer on Feb 21, 2018.
             Slain by an ice beast (6 damage)
             ... on level 7 of the Dungeon.
             The game lasted 00:16:36 (5872 turns).

Amnesiac the Prestidigitator (Spriggan Artificer)   Turns: 5872, Time: 00:16:37

Health: -1/42      AC: -1    Str: 10    XL:     8   Next: 79%
Magic:  15/15      EV: 22    Int: 13    God:
Gold:   191        SH:  0    Dex: 16    Spells: 7/7 levels left

rFire    . . .     SeeInvis +   a - +1 dagger (elec)
rCold    + . .     Gourm    .   (shield restricted)
rNeg     . . .     Faith    .   b - +0 robe
rPois    .         Spirit   .   (helmet restricted)
rElec    .         Reflect  .   m - +0 cloak
rCorr    .         Harm     .   (gloves unavailable)
MR       +....                  (boots unavailable)
Stlth    ++........             r - amulet of the acrobat
HPRegen  0.14/turn              M - ring of protection from cold
MPRegen  0.14/turn              A - ring of wizardry

@: marked, corroded, very quick
A: very small, unfitting armour, see invisible, herbivore, speed 3, slow
metabolism 2
a: no special abilities


You were on level 7 of the Dungeon.
You were full.

You visited 2 branches of the dungeon, and saw 8 of its levels.

You collected 191 gold pieces.

Inventory:

Hand Weapons
 a - a +1 dagger of electrocution (weapon)
 k - the +10 mace of the Gloaming {drain, *Corrode rF+ Str+3 Int+9}
   (You found it on level 4 of the Dungeon)

   A truly terrible weapon, it drains the life of those it strikes.
   It affects your strength (+3).
   It affects your intelligence (+9).
   It protects you from fire.
   It may corrode you when you take damage.
 l - the +4 mace "Veazxopn" {drain, rElec}
   (You found it on level 4 of the Dungeon)

   A truly terrible weapon, it drains the life of those it strikes.
   It insulates you from electricity.
 n - a +4 quarterstaff of chaos
 H - a +0 blowgun
 I - the +9 short sword "Vityubuc" {elec, *Contam Str+5 Int+3, unknown}
   (You found it on level 5 of the Dungeon)

   Occasionally, upon striking a foe, it will discharge some electrical energy
   and cause terrible harm.
   It affects your strength (+5).
   It affects your intelligence (+3).
   It causes magical contamination when unequipped.
 L - the +4 quarterstaff of Boulopt {crush, rElec rC+, unknown}
   (You found it on level 6 of the Dungeon)

   It inflicts extra damage upon your enemies.
   It protects you from cold.
   It insulates you from electricity.
 N - the cursed +1 dagger "Concordance" {chaos, rPois MR+ Str+2 Int-2, unknown}
   (You found it on level 6 of the Dungeon)

   Each time it hits an enemy it has a different, random effect.
   It affects your strength (+2).
   It affects your intelligence (-2).
   It protects you from poison.
   It affects your resistance to hostile enchantments.
   It has a curse placed upon it.
 O - a +2 dagger of flaming
Missiles
 o - 78 poisoned needles
 y - 195 stones (quivered)
 E - 47 sling bullets
Armour
 b - a +0 robe (worn)
 m - a +0 cloak (worn)
Jewellery
 j - an uncursed ring of positive energy
 r - an amulet of the acrobat (around neck)
 A - a ring of wizardry (right hand)
 M - a ring of protection from cold (left hand)
Wands
 c - a wand of flame (7)
 d - a wand of enslavement (10)
 e - a wand of random effects (13)
 i - a wand of polymorph (7)
 w - a wand of disintegration (15)
Scrolls
 g - 2 scrolls of fear {!r, unknown}
 h - a scroll of teleportation {!r, unknown}
 p - 5 scrolls of identify {!r, unknown}
 q - 2 scrolls of magic mapping {!r, unknown}
 t - 2 scrolls of remove curse {!r, unknown}
 v - 2 scrolls of enchant armour {!r, unknown}
 x - 3 scrolls of fog {!r, unknown}
 B - 2 scrolls of immolation {!r, unknown}
 D - 2 scrolls of blinking {!r, unknown}
 K - a scroll of amnesia {!r, unknown}
Potions
 s - 2 potions of curing {!q}
 u - a potion of heal wounds {!q, unknown}
 z - a potion of berserk rage {!q, unknown}
 C - a potion of haste {!q, unknown}
 F - a potion of might {!q, unknown}
 G - a potion of brilliance {!q, unknown}
 J - a potion of degeneration {!q, unknown}
Comestibles
 f - 10 rations


   Skills:
 - Level 3.6 Fighting
 + Level 7.4 Short Blades
 - Level 7.1 Dodging
 - Level 2.0 Stealth
 - Level 9.3 Evocations


You had 7 spell levels left.
You didn't know any spells.

Dungeon Overview and Level Annotations

Branches:
Dungeon (7/15)             Temple (1/1) D:5

Altars:
Ashenzari
Cheibriados
Dithmenos
Elyvilon
Fedhas
Hepliaklqana
Kikubaaqudgha
Makhleb
Nemelex Xobeh
Qazlal
Ru
Sif Muna
Trog
Vehumet
Wu Jian
Yredelemnul
Zin
The Shining One

Shops:
D:7 %

Annotations:
D:5 exclusion: 3 slaves, Pikel


Innate Abilities, Weirdness & Mutations

You are very small and have problems with some larger weapons.
You are too small for most types of armour.
You have supernaturally acute eyesight. (SInv)
You are a herbivore.
You cover ground extremely quickly.
You need consume almost no food.


Message History

You kill the jelly!
An ice beast comes into view.
You hit the bullfrog. Lightning courses through the bullfrog!
The bullfrog is severely wounded.
The bullfrog hits you.
A gnoll comes into view. It is wielding a halberd.
Items here: ((( ))) ? †
o - 78 poisoned needles (gained 3)
p - 5 scrolls labeled TOADUU PONY {!r} (gained 1)
The bullfrog hits you.
* * * LOW HITPOINT WARNING * * *
O - an uncursed dagger of flaming The bullfrog completely misses you.
The bullfrog hits you.
* * * LOW HITPOINT WARNING * * *
You feel sick.
You see here 2 stones.
You hit the ice beast but do no damage. The bullfrog completely misses you.
The ice beast closely misses you.
You hit the ice beast but do no damage.
Put on which piece of jewellery? (? for menu, Esc to quit)
You're wearing all the rings you can.
Remove which one? (? for menu, Esc to cancel) < or
j - a ring of positive energy; > or
A - a ring of wizardry You remove your ring of positive energy.
The bullfrog misses you. The ice beast closely misses you.
M - a ring of protection from cold (left hand)
The bullfrog misses you.
You hit the ice beast but do no damage.
Lightning courses through the ice beast!
The ice beast is heavily wounded.
The orc wizard casts a spell.
The orc wizard blinks!
The bullfrog hits you.
* * * LOW HITPOINT WARNING * * *
The orc wizard casts a cantrip, but nothing happens.
The ice beast completely misses you.
You barely miss the ice beast.
The ice beast is heavily wounded.
The bullfrog closely misses you.
You hit the ice beast but do no damage.
The ice beast is heavily wounded.
You feel sick. The ice beast hits you.
* * * LOW HITPOINT WARNING * * *
The ice beast freezes you. You resist.
* * * LOW HITPOINT WARNING * * *
The bullfrog barely misses you.
Really quaff
s - 3 potions of curing {!q}?
You feel better. The bullfrog misses you.
The orc wizard gestures wildly while chanting.
The orc wizard seems to speed up.
The ice beast barely misses you.
You hit the ice beast but do no damage.
The ice beast is heavily wounded.
The bullfrog hits you.
* * * LOW HITPOINT WARNING * * *
The phantom blinks!
The ice beast misses you.
You hit the ice beast but do no damage.
The ice beast is heavily wounded.
The bullfrog closely misses you.
A gnoll comes into view. It is wielding a halberd.
You hit the ice beast but do no damage.
The ice beast is heavily wounded.
The bullfrog completely misses you. The ice beast hits you.
* * * LOW HITPOINT WARNING * * *
The ice beast freezes you. You resist.
You die...

#..<#.# #.....# #.....#
#.....# ## #.....#.# .#
###.###.########.# ...#
#........#.#
..g##################.#.#
..ZgogcFF@Y..).(# #.....#
#.#############.# ##..###
#.# #..# #.# #..# #.#
#..# #.####..# #.......#
#.####...... ### #######


You could see an ice beast, 2 bullfrogs, a centaur, a gnoll shaman, an orc
wizard, 2 gnolls and a howler monkey skeleton.

Vanquished Creatures
  Sigmund (D:2)
  Menkaure (D:4)
  The ghost of asdu the Bolt Thrower, an amateur TeHu (D:3)
  A sky beast (D:5)
  An ogre (D:4)
  2 centaurs
  A bullfrog (D:6)
  A big kobold (D:7)
  2 scorpions
  2 crimson imps (D:5)
  3 jellies
  Crazy Yiuf (D:4)
  An orc priest (D:4)
  6 orc wizards
  5 worker ants
  A killer bee zombie (D:6)
  7 gnolls
  7 adders
  7 oozes (D:3)
  An adder skeleton (D:6)
  3 worms
  4 leopard geckos
  15 orcs
  3 giant cockroaches
  5 goblins
  5 hobgoblins
  9 jackals
  3 quokkas
  3 bats
  2 frilled lizards
  13 kobolds
  A leopard gecko skeleton (D:4)
  A quokka skeleton (D:4)
  5 rats
124 creatures vanquished.

Vanquished Creatures (collateral kills)
  2 adders (D:4)
2 creatures vanquished.

Vanquished Creatures (others)
  A worker ant (D:4)
  2 adders
  A kobold (D:7)
  12 toadstools
16 creatures vanquished.

Grand Total: 142 creatures vanquished

Notes
Turn   | Place    | Note
-------+----------+-------------------------------------------
     0 | D:1      | Amnesiac the Spriggan Artificer began the quest for the Orb.
     0 | D:1      | Reached XP level 1. HP: 9/9 MP: 4/4
   123 | D:2      | Reached skill level 1 in Fighting
   170 | D:2      | Reached XP level 2. HP: 13/14 MP: 6/6
   184 | D:3      | Found a white marble altar of Elyvilon.
   322 | D:3      | Found a shadowy altar of Dithmenos.
   456 | D:4      | Found a blossoming altar of Fedhas.
   489 | D:5      | Entered Level 5 of the Dungeon
   512 | D:5      | Noticed a centaur
   605 | D:4      | Noticed a scorpion
   630 | D:4      | Reached XP level 3. HP: 15/18 MP: 7/7
   654 | D:4      | Noticed Menkaure
   659 | D:4      | Killed Menkaure
   659 | D:4      | Reached skill level 5 in Evocations
   659 | D:4      | Reached XP level 4. HP: 19/23 MP: 7/9
   659 | D:4      | Reached XP level 5. HP: 22/26 MP: 7/10
   662 | D:4      | Found a runed door.
   667 | D:4      | Got a dazzling mace
   671 | D:4      | Got a dazzling mace
   758 | D:4      | Identified the +10 mace of the Gloaming {drain, *Corrode rF+ Str+3 Int+9} (You found it on level 4 of the Dungeon)
   759 | D:4      | Identified the +4 mace "Veazxopn" {drain, rElec} (You found it on level 4 of the Dungeon)
   762 | D:4      | Noticed Crazy Yiuf
   774 | D:4      | Killed Crazy Yiuf
   774 | D:4      | Reached skill level 6 in Evocations
  1319 | D:4      | Noticed an ogre
  1334 | D:4      | Reached XP level 6. HP: 19/30 MP: 11/11
  1338 | D:4      | Reached skill level 5 in Dodging
  1340 | D:4      | Reached skill level 7 in Evocations
  1533 | D:5      | Noticed a sky beast
  1544 | D:5      | Killed a sky beast
  1544 | D:5      | Reached XP level 7. HP: 15/36 MP: 13/13
  1735 | D:5      | Noticed Pikel
  1776 | D:5      | Reached skill level 8 in Evocations
  2020 | D:5      | Found a staircase to the Ecumenical Temple.
  2028 | Temple   | Entered the Ecumenical Temple
  3369 | D:2      | Noticed Sigmund
  3644 | D:2      | Killed Sigmund
  3644 | D:2      | Reached skill level 9 in Evocations
  3644 | D:2      | Reached XP level 8. HP: 31/42 MP: 15/15
  4194 | D:3      | Noticed asdu's ghost (amateur TeHu)
  4210 | D:3      | Killed asdu's ghost
  4464 | D:3      | Reached skill level 5 in Short Blades
  5072 | D:5      | Got a crystal short sword
  5128 | D:5      | Found a glowing golden altar of the Shining One.
  5271 | D:6      | Found a radiant altar of Vehumet.
  5271 | D:6      | Found a sparkling altar of Nemelex Xobeh.
  5272 | D:6      | Found a sacrificial altar of Ru.
  5296 | D:6      | Found a hazy altar of Hepliaklqana.
  5498 | D:6      | Got a fine quarterstaff
  5514 | D:7      | Found Juca's Food Boutique.
  5597 | D:6      | Got a steaming dagger
  5613 | D:6      | Found a burning altar of Makhleb.
  5868 | D:7      | HP: 1/42 [ice beast (3)]
  5872 | D:7      | Slain by an ice beast

Vault maps used:
D:1:      ldierk_walled_garden, wad_floor_pattern_2
D:2:      uniq_sigmund
D:3:      cheibrodos_fertilizer, grunt_dithmenos_smoke_and_mirrors,
          elyvilon_altar_1
D:4:      first_ration, fedhas_altar_4, uniq_crazy_yiuf_cottage, uniq_menkaure
D:5:      tso_oasis_becter, minmay_temple_entry_fiery, uniq_pikel
D:6:      makhleb_grotto_becter, nicolae_overflow_quartered_altars,
          serial_glass, glass_columns_b, glass_columns_a, solitary_fountain
D:7:      serial_shops, shop_coins
Temple:   minmay_temple_curvy_loop

Skill      XL: |  1  2  3  4  5  6  7  8 |
---------------+-------------------------+-----
Fighting       | 1 2 3 |  3.6
Stealth        | 2 |  2.0
Short Blades   | 2 7 |  7.4
Dodging        | 4 5 7 |  7.1
Evocations     | 5 6 7 9 |  9.3

Action                   |  1- 3 |  4- 6 |  7- 9 || total
-------------------------+-------+-------+-------++-------
Melee: Short sword       |    62 |    27 |       ||    89
       Mace              |       |    42 |    38 ||    80
       Dagger            |       |       |   281 ||   281
Evoke: Wand              |    12 |     3 |       ||    15
  Use: Potion            |       |       |     1 ||     1
 Stab: Sleeping          |     1 |     1 |     2 ||     4
       Distracted        |       |       |     1 ||     1
  Eat: Ration            |       |       |     4 ||     4
Armor: Robe              |     9 |     6 |    17 ||    32
Dodge: Dodged            |    72 |    68 |   340 ||   480

Table legend:
 A = Spawn XP
 B = Non-spawn XP
 C = Spawn XP percentage of total XP
 D = Spawn monster count
 E = Non-spawn monster count
 F = Spawn count percentage of total count
 G = Total turns spent on level
                    A         B        C        D         E        F      G
               +---------+---------+-------+---------+---------+-------+---------
         Total |       0 |    2515 |   0.0 |       0 |     127 |   0.0 |  5872
               +---------+---------+-------+---------+---------+-------+---------
           D:1 |       0 |      13 |   0.0 |       0 |       1 |   0.0 |   313
           D:2 |       0 |     335 |   0.0 |       0 |      23 |   0.0 |  1103
           D:3 |       0 |     497 |   0.0 |       0 |      46 |   0.0 |  1476
           D:4 |       0 |     606 |   0.0 |       0 |      24 |   0.0 |  1149
           D:5 |       0 |     554 |   0.0 |       0 |      18 |   0.0 |   925
           D:6 |       0 |     258 |   0.0 |       0 |       9 |   0.0 |   460
           D:7 |       0 |     252 |   0.0 |       0 |       6 |   0.0 |   235
               +---------+---------+-------+---------+---------+-------+---------
